Map: World of Sleepers LE

Players

LiquidMaNa (MaNa)

  • Race: Protoss Protoss
  • League: Grandmaster
  • Spawn Location: 1:00

Vanya - Winner!

  • Race: Zerg Zerg
  • League: Master
  • Spawn Location: 7:00

VOD

Have the link to the VOD?

Description

Time

  • Played on: Jan. 13, 2020, 2:56 p.m.
  • Length: 13:39
Show
View Real Time Build Order
Export as new Build Order

LiquidMaNa Protoss 

Build Orders: 1 Gate Expand, Oracle Opening, Zealot Archon 

Get SALT Encoding   

  12  0:00  Probe  
  13  0:13  Pylon  
  13  0:18  Probe (Chrono Boost)  
  14  0:27  Probe (Chrono Boost)  
  15  0:32  Probe (Chrono Boost)  
  16  0:44  Probe, Gateway  
  17  0:50  Assimilator  
  17  0:56  Probe (Chrono Boost)  
  18  1:09  Probe (Chrono Boost)  
  19  1:15  Probe (Chrono Boost)  
  20  1:28  Nexus  
  20  1:38  Cybernetics Core  
  20  1:42  Probe  
  21  1:51  Assimilator  
  21  1:54  Probe  
  21  1:59  Pylon  
  22  2:06  Probe  
  23  2:17  Stalker  
  23  2:18  Probe  
  26  2:25  Stargate  
  26  2:30  Probe  
  26  2:33  Warp Gate  
  27  2:40  Probe  
  27  2:43  Probe  
  29  2:47  Adept  
  31  2:52  Probe  
  31  2:55  Probe  
  33  3:05  Probe  
  34  3:07  Probe  
  34  3:09  Oracle (Chrono Boost)  
  34  3:12  Gateway  
  37  3:17  Probe  
  37  3:19  Probe  
  39  3:28  Pylon  
  39  3:29  Probe  
  39  3:31  Probe  
  39  3:32  Oracle (Chrono Boost)  
  41  3:36  Assimilator  
  41  3:38  Assimilator  
  41  3:41  Probe  
  45  3:43  Probe  
  45  3:46  Pylon  
  46  3:53  Probe  
  46  3:55  Robotics Facility  
  48  3:56  Probe (Chrono Boost)  
  48  4:05  Probe (Chrono Boost)  
  50  4:13  Probe (Chrono Boost), Twilight Council  
  50  4:14  Probe (Chrono Boost)  
  51  4:17  Pylon  
  51  4:19  Probe x2  
  51  4:21  Adept  
  55  4:24  Zealot  
  57  4:31  Probe x2  
  59  4:43  Nexus  
  59  4:47  Observer  
  60  4:54  Templar Archives  
  60  5:00  Gateway  
  60  5:03  Gateway  
  60  5:04  Probe x2  
  56  5:12  Immortal  
  59  5:16  Probe x2  
  59  5:17  Sentry, Zealot  
  64  5:28  Probe  
  65  5:29  Gateway  
  65  5:30  Gateway  
  65  5:31  Gateway  
  65  5:32  Gateway  
  64  5:44  High Templar x2  
  64  5:45  Probe x2  
  70  5:51  Archon  
  70  5:58  Pylon  
  70  5:59  Pylon  
  70  6:05  Nexus  
  70  6:13  Charge (Chrono Boost)  
  70  6:15  Pylon  
  70  6:16  Immortal (Chrono Boost)  
  70  6:17  Forge  
  70  6:18  High Templar  
  76  6:19  High Templar  
  76  6:22  Probe  
  79  6:30  Archon  
  79  6:31  Observer  
  79  6:34  Zealot x2  
  79  6:35  Probe  
  79  6:36  High Templar x2  
  79  6:37  Shield Battery  
  88  6:40  Archon  
  88  6:41  Probe  
  88  6:45  Zealot  
  88  6:46  Zealot  
  93  6:47  Probe  
  93  6:50  Pylon  
  94  7:05  Warp Prism  
  94  7:07  Phoenix (Chrono Boost)  
  93  7:13  Stalker x2  
  86  7:37  Phoenix  
  85  8:02  Probe  
  86  8:06  Probe x2  
  86  8:09  Assimilator  
  86  8:10  Photon Cannon  
  86  8:11  Immortal (Chrono Boost), Shield Battery  
  88  8:14  Probe  
  88  8:18  Probe x2  
  95  8:26  Probe  
  86  8:35  Probe x2  
  86  8:39  Probe  
  85  8:47  Probe x2, Pylon x2  
  87  8:51  Probe  
  87  8:53  Pylon  
  87  8:55  Phoenix (Chrono Boost)  
  88  8:59  Probe x2  
  89  9:03  Probe  
  80  9:11  Probe x2  
  80  9:12  High Templar  
  80  9:14  High Templar  
  80  9:15  Probe  
  83  9:24  Probe x2 (Chrono Boost)  
  81  9:27  Probe (Chrono Boost), Zealot  
  84  9:34  Archon  
  84  9:36  Probe x2 (Chrono Boost)  
  87  9:38  Probe (Chrono Boost)  
  87  9:40  Phoenix (Chrono Boost)  
  87  9:41  Probe (Chrono Boost)  
  87  9:42  Probe (Chrono Boost)  
  87  9:43  Probe (Chrono Boost)  
  92  9:50  Probe x2  
  91  9:53  Probe  
  91  9:59  High Templar x2  
  96  10:02  Probe x2 (Chrono Boost)  
  96  10:05  Probe (Chrono Boost)  
  96  10:06  Archon  
  99  10:11  Assimilator  
  101  10:14  Probe x2 (Chrono Boost)  
  101  10:16  Probe (Chrono Boost)  
  101  10:20  Probe x2 (Chrono Boost)  
  102  10:25  High Templar x2  
  102  10:26  Observer  
  102  10:27  Shield Battery  
  108  10:29  Archon  
  108  10:31  Shield Battery  
  108  10:47  Pylon  
  108  10:52  Pylon  
  108  10:53  Pylon x2  
  108  11:03  Zealot x3  
  108  11:04  Zealot x2  
  103  11:21  High Templar x2  
  103  11:24  High Templar  
  103  11:25  High Templar  
  111  11:28  Archon x2  
  111  11:29  Shield Battery  
  111  11:30  Zealot x3  
  103  11:34  Probe x2  
  103  11:35  Probe  
  102  11:46  Probe  
  102  11:47  Probe x2  
  104  11:51  High Templar x2  
  104  11:52  High Templar  
  104  11:53  High Templar  
  113  11:58  Archon  
  113  11:59  Probe (Chrono Boost), Archon  
  113  12:00  Probe x2 (Chrono Boost)  
  117  12:10  Probe x3 (Chrono Boost), Sentry x2  
  117  12:14  Probe (Chrono Boost)  
  117  12:15  Probe (Chrono Boost)  
  123  12:16  Zealot  
  123  12:17  Probe  
  128  12:26  Probe  
  128  12:29  Probe  
  131  12:32  Pylon  
  131  12:33  Pylon  
  130  12:40  High Templar  
  132  12:51  Phoenix (Chrono Boost)  
  131  12:55  Shield Battery  
  131  12:56  Probe x2  
  124  13:01  High Templar x2  
  116  13:20  High Templar x2  
  109  13:30  Stalker x2  
Show
View Real Time Build Order
Export as new Build Order

Vanya Zerg - Winner!

Build Orders: Hatch First, Muta Ling Bane 

Get SALT Encoding   

  12  0:00  Drone  
  13  0:12  Overlord  
  13  0:16  Drone  
  14  0:30  Drone x2  
  16  0:46  Drone  
  17  0:54  Drone  
  17  0:55  Hatchery  
  17  0:57  Drone  
  18  1:07  Extractor  
  17  1:12  Spawning Pool  
  17  1:15  Drone  
  17  1:18  Drone  
  18  1:27  Drone  
  19  1:38  Overlord  
  19  1:50  Drone  
  20  1:59  Queen  
  20  2:00  Zergling x2  
  23  2:06  Queen  
  23  2:07  Zergling x2  
  23  2:08  Metabolic Boost  
  26  2:10  Drone  
  27  2:18  Drone  
  28  2:30  Drone  
  28  2:32  Hatchery  
  28  2:36  Drone  
  29  2:37  Drone  
  30  2:45  Queen  
  30  2:50  Overlord  
  32  2:52  Drone  
  33  2:59  Drone x2  
  35  3:12  Drone x2  
  37  3:14  Drone x2  
  39  3:23  Drone, Overlord  
  39  3:24  Drone  
  39  3:25  Drone  
  42  3:27  Queen  
  42  3:33  Spore Crawler  
  43  3:37  Lair  
  43  3:42  Drone x2  
  43  3:45  Extractor, Drone  
  43  3:46  Extractor, Roach Warren  
  43  3:56  Drone x2  
  43  3:57  Drone  
  43  4:01  Overlord  
  43  4:02  Drone x3  
  49  4:14  Drone x3  
  49  4:16  Zergling x2  
  57  4:17  Zergling x8  
  57  4:23  Overlord  
  57  4:27  Zergling x6  
  60  4:36  Drone  
  60  4:37  Drone  
  56  4:40  Drone x6  
  62  4:46  Drone x2  
  62  4:50  Spore Crawler  
  63  4:53  Spore Crawler  
  63  4:59  Spire  
  61  5:00  Drone x3  
  61  5:03  Drone  
  61  5:04  Drone  
  64  5:09  Glial Reconstitution  
  64  5:13  Overlord  
  64  5:14  Roach x3  
  64  5:17  Roach  
  64  5:19  Overlord  
  72  5:24  Roach  
  73  5:31  Overseer, Extractor  
  73  5:32  Extractor  
  73  5:34  Extractor  
  71  5:35  Drone x2  
  71  5:37  Overlord  
  71  5:42  Drone x4  
  73  5:44  Drone x6  
  78  5:55  Drone, Overlord  
  79  6:09  Roach x3  
  85  6:12  Overlord  
  85  6:13  Mutalisk x4  
  85  6:15  Mutalisk  
  85  6:16  Overlord  
  93  6:26  Roach x6  
  93  6:28  Drone  
  93  6:29  Drone  
  93  6:30  Drone  
  105  6:37  Mutalisk x2  
  109  6:50  Drone x2  
  109  6:51  Mutalisk  
  109  6:52  Hatchery, Overlord  
  112  6:55  Mutalisk  
  112  6:57  Overlord  
  112  7:00  Mutalisk  
  116  7:01  Overlord  
  116  7:11  Roach x5  
  126  7:16  Roach x3  
  126  7:20  Roach x2  
  126  7:22  Overlord  
  136  7:24  Roach  
  141  7:38  Overlord  
  141  7:43  Roach x3, Overlord  
  149  7:46  Roach x2  
  153  7:54  Overlord  
  145  7:58  Roach  
  145  7:59  Roach x5  
  145  8:03  Ravager, Evolution Chamber  
  145  8:04  Baneling Nest  
  156  8:08  Drone x2  
  156  8:12  Mutalisk  
  158  8:17  Mutalisk x2  
  158  8:19  Overlord  
  143  8:34  Mutalisk x4  
  143  8:37  Overlord  
  141  8:41  Mutalisk  
  141  8:46  Zergling x10  
  141  8:47  Zergling x12, Overlord  
  142  9:01  Centrifical Hooks  
  142  9:02  Extractor, Zerg Melee Weapons Level 1  
  139  9:06  Zergling x8  
  139  9:07  Zergling x4  
  139  9:09  Zergling x4  
  150  9:10  Zergling x6  
  150  9:12  Baneling x6  
  150  9:13  Baneling  
  150  9:14  Zergling x4  
  146  9:20  Zergling x10  
  145  9:31  Drone x4  
  147  9:35  Drone x3  
  148  9:39  Queen  
  148  9:40  Drone  
  148  9:41  Drone  
  148  9:44  Drone  
  148  9:45  Drone  
  151  9:57  Zergling x14  
  156  10:07  Baneling x11  
  156  10:08  Baneling x4  
  156  10:09  Ravager x2, Baneling x3  
  156  10:10  Zergling x10, Ravager x5  
  168  10:16  Drone x2  
  168  10:18  Drone  
  168  10:20  Overlord  
  171  10:23  Baneling x10  
  171  10:24  Zergling x6  
  171  10:28  Zergling x6  
  177  10:33  Baneling x7  
  177  10:37  Zergling x10  
  184  10:42  Ravager  
  184  10:43  Zergling x10, Ravager  
  184  10:46  Baneling x3  
  184  10:48  Overlord  
  189  10:51  Zergling x10  
  167  11:05  Zergling x20  
  167  11:10  Zergling x8  
  163  11:14  Zergling x6  
  163  11:18  Zergling x2  
  163  11:21  Zerg Melee Weapons Level 2  
  154  11:33  Hatchery  
  154  11:34  Roach  
  154  11:35  Roach x7  
  157  11:47  Ravager  
  157  11:50  Mutalisk x7  
  172  11:59  Mutalisk  
  172  12:00  Mutalisk  
  176  12:01  Overlord  
  176  12:08  Mutalisk x2  
  176  12:11  Overlord  
  180  12:15  Zergling x2  
  180  12:16  Zergling x22  
  180  12:20  Extractor  
  189  12:24  Baneling x10  
  189  12:26  Zergling x12  
  195  12:31  Drone x3  
  198  12:42  Baneling x9  
  198  13:02  Zergling x14  
  192  13:14  Baneling x23  
  190  13:22  Zergling x4  
Tags
 
Add a new tag
Caveats
  • Supply blocks, unpowered buildings, or Contaminate may cause inaccurate times.
  • Supply counts are checked every 10 seconds.